 Dungeon Crawl Stone Soup version 0.18.1-48-g4cf74bf (webtiles) character file.

176 sdOOK the Skirmisher (level 5, -2/47 HPs)
             Began as a Hill Orc Fighter on Aug 23, 2016.
             Was a Believer of Pakellas.
             Killed from afar by a jackal (34 damage)
             ... with an exploding inner flame
             ... hexed by the player character
             ... on level 4 of the Dungeon.
             The game lasted 00:25:18 (3019 turns).

sdOOK the Skirmisher (Hill Orc Fighter)             Turns: 3019, Time: 00:25:19

Health: -2/47      AC: 14    Str: 20    XL:     5   Next: 56%
Magic:  0/5        EV:  4    Int:  8    God:    Pakellas [**....]
Gold:   221        SH:  9    Dex: 10    Spells: 0 memorised, 4 levels left

rFire  . . .     SeeInvis .     a - +2 war axe
rCold  . . .     Gourm    .     z - +0 plate armour
rNeg   . . .     Faith    .     c - +0 shield
rPois  .         Spirit   .     w - +0 helmet
rElec  .         Dismiss  .     (no cloak)
rCorr  .         Reflect  .     v - +0 pair of gloves
SustAt .         Harm     .     (no boots)
MR     .....                    (no amulet)
Stlth  ..........               (no ring)
                                (no ring)

@: not resistant to hostile enchantments, extremely unstealthy
A: no striking features
a: Quick Charge, Renounce Religion, Convert to Beogh


You were on level 4 of the Dungeon.
You worshipped Pakellas.
Pakellas was pleased with you.
You were not hungry.

You visited 1 branch of the dungeon, and saw 4 of its levels.

You collected 221 gold pieces.

Inventory:

Hand Weapons
 a - a +2 war axe (weapon)
 d - a +0 hunting sling
 g - a +0 short sword
 m - a +0 hand axe
 o - a +4 dagger
Missiles
 e - 40 sling bullets
 h - 68 stones (quivered)
 q - 42 arrows
Armour
 b - a +0 scale mail
 c - a +0 shield (worn)
 i - a +0 chain mail
 j - a +0 robe
 t - a +0 animal skin
 v - a +0 pair of gloves (worn)
 w - a +0 helmet (worn)
 z - a +0 plate armour (worn)
Wands
 p - a wand of flame (0/48)
Scrolls
 u - 3 scrolls of identify
Potions
 l - a potion of invisibility
 r - a potion of brilliance
 s - a potion of curing
 x - a potion of resistance
Comestibles
 f - 4 bread rations
 k - a chunk of flesh
 n - 2 meat rations
 B - 4 fruits


   Skills:
 + Level 4.7 Fighting
 + Level 3.3 Axes
 + Level 0.1 Throwing
 + Level 4.2 Armour
 + Level 0.5 Dodging
 + Level 4.5 Shields
 + Level 1.3 Evocations


You had 4 spell levels left.
You didn't know any spells.

Dungeon Overview and Level Annotations

Branches:
Dungeon (4/15)
 Temple: D:4-7

Altars:
Pakellas


Message History

The centaur hits you.
You slash the centaur!
The centaur is almost dead.
Your shield and plate armour prevent you from hitting the adder skeleton.
You block the centaur's attack.
The adder skeleton bites you but does no damage.
You block the centaur's attack. The jackal barely misses you.
The adder skeleton bites you but does no damage.
An orc comes into view.
The orc shouts!
You hit the centaur.
The centaur explodes!
The fiery explosion engulfs the adder skeleton.
The adder skeleton explodes!
The fiery explosion engulfs the jackal.
The jackal explodes!
The fiery explosion engulfs you!
Ouch! That really hurt!
You die...
Pakellas says: That's one more possible approach eliminated.

....... ..# ..#
....... ......
....... #.....
....... #.#.#
.....h. ##..(#
..o...§###...#
..oo..§§@§§.#
.#.###§§#§.#
#.§§§<##
#..(##.......
#.....(...##....
......#..### #.
......###.#
.###.# .# ... ..


You could see an orc priest, 2 orcs and a jackal (inner flame).

Vanquished Creatures
  An iguana (D:3)
  Robin (D:3)
  5 adders (D:2)
  2 worms
  2 dart slugs (D:1)
  2 giant geckos
  2 orcs (D:3)
  14 bats
  3 giant cockroaches
  13 goblins
  8 hobgoblins
  3 quokkas
  A ball python (D:2)
  4 giant newts
  10 kobolds
  8 rats
79 creatures vanquished.

Notes
Turn   | Place    | Note
--------------------------------------------------------------
     0 | D:1      | sdOOK the Hill Orc Fighter began the quest for the Orb.
     0 | D:1      | Reached XP level 1. HP: 19/19 MP: 1/1
   282 | D:1      | Reached XP level 2. HP: 24/27 MP: 2/2
  1053 | D:2      | Reached XP level 3. HP: 33/33 MP: 3/3
  1157 | D:2      | Found a faded altar to an unknown god.
  1166 | D:2      | Became a worshipper of Pakellas the Inventive
  1166 | D:2      | Reached * piety under Pakellas
  1166 | D:2      | Received a gift from Pakellas
  1259 | D:2      | Reached XP level 4. HP: 36/41 MP: 4/4
  1756 | D:3      | Reached XP level 5. HP: 44/47 MP: 5/5
  1812 | D:3      | Reached ** piety under Pakellas
  1812 | D:3      | Received a gift from Pakellas
  1812 | D:3      | Reached skill level 1 in Evocations
  1861 | D:3      | Noticed Robin
  1895 | D:3      | Killed Robin
  3009 | D:4      | Noticed a centaur
  3019 | D:4      | Killed a centaur
  3019 | D:4      | Killed from afar by a jackal

Skill      XL: |  1  2  3  4  5 |
---------------+----------------+-----
Axes           | 3 |  3.3
Fighting       | 4 |  4.7
Shields        | 4 |  4.5
Armour         | 4 |  4.2
Evocations     | 1 |  1.3
Throwing       | |  0.1
Dodging        | |  0.5

Action                   |  1- 3 |  4- 6 || total
-------------------------+-------+-------++-------
Melee: War axe           |    72 |    82 ||   154
Throw: Tomahawk          |       |    17 ||    17
Invok: Quick Charge      |       |     7 ||     7
Evoke: Wand              |     5 |    35 ||    40
       Phantom mirror    |       |     1 ||     1
  Use: Scroll            |     2 |     9 ||    11
       Potion            |     1 |     4 ||     5
  Eat: Chunk             |     1 |     1 ||     2
       Meat ration       |       |     1 ||     1
       Bread ration      |       |     1 ||     1
Armor: Scale mail        |     4 |       ||     4
       Chain mail        |    33 |    56 ||    89
       Plate armour      |       |    10 ||    10
Dodge: Dodged            |     8 |    21 ||    29
Block: Shield            |    35 |    62 ||    97
